 Dungeon Crawl Stone Soup version 0.31.0-12-g77e489cdc1 (webtiles) character file.

Game seed: 4411973287619018068

151 PriceMaster the Sneak (level 5, -1/25 HPs)
             Began as a Spriggan Enchanter on Mar 3, 2024.
             Was an Initiate of Dithmenos.
             Slain by an ufetubus (3 damage)
             ... on level 3 of the Dungeon.
             The game lasted 00:06:17 (2343 turns).

PriceMaster the Sneak (Spriggan Enchanter)          Turns: 2343, Time: 00:06:17

Health: -1/25      AC:  2    Str:  4    XL:     5   Next: 11%
Magic:  10/10      EV: 17    Int: 18    God:    Dithmenos [......]
Gold:   80         SH:  0    Dex: 16    Spells: 2/9 levels left

rFire   . . .        a - +1 dagger
rCold   . . .        (no shield)
rNeg    . . .        b - +0 robe
rPois   .            (helmet restricted)
rElec   .            (no cloak)
rCorr   .            (gloves unavailable)
SInv    +            (boots unavailable)
Will    .....        (no amulet)
Stlth   +++          (no ring)
HPRegen 0.24/turn    (no ring)
MPRegen 0.12/turn

%: no passive effects
@: very slightly contaminated, slowed, quick
A: very small, no large weapons, unfitting armour, see invisible, speed 3
a: Renounce Religion


You were on level 3 of the Dungeon.
You worshipped Dithmenos.
Dithmenos was noncommittal.
You visited 1 branch of the dungeon, and saw 3 of its levels.

You collected 80 gold pieces.

Inventory:

Hand Weapons
 a - a +1 dagger (weapon)
 e - a +0 spear
 f - a +0 arbalest
Armour
 b - a +0 robe (worn)
Scrolls
 d - a scroll of enchant armour {unknown}
 g - a scroll of teleportation {unknown}
 h - a scroll of immolation {unknown}
 i - 5 scrolls of identify {unknown}
 j - a scroll of revelation {unknown}
 m - a scroll of summoning {unknown}
 n - a scroll of fog {unknown}
 p - a scroll of torment {unknown}
Potions
 c - a potion of invisibility
 k - a potion of heal wounds {unknown}
 l - a potion of magic
 o - a potion of attraction {unknown}
 q - a potion of brilliance {unknown}


   Skills:
 * Level 0.9 Fighting
 + Level 1.1 Short Blades
 * Level 4.0 Ranged Weapons
 + Level 2.9 Dodging
 + Level 4.6 Stealth
 + Level 2.7 Spellcasting
 + Level 4.1 Hexes


You had 2 spell levels left.
You knew the following spells:

 Your Spells              Type           Power      Damage    Failure   Level
a - Tukima's Dance        Hex            17%        N/A       9%          3
b - Dimensional Bullseye  Hex/Tloc       5%         N/A       56%         4

Your spell library contained the following spells:

 Spells                   Type           Power      Damage    Failure   Level
 Ensorcelled Hibernation  Hex/Ice        18%        N/A       11%         2
 Cigotuvi's Dreadful Rot  Necr/Alch/Air  4%         N/A       26%         2
 Confusing Touch          Hex            17%        N/A       9%          3
 Dazzling Flash           Conj/Hex       18%        N/A       22%         3
 Volatile Blastmotes      Fire/Tloc      4%         2d10      45%         3
 Dispel Undead            Necr           2%         3d7       86%         4
 Iskenderun's Mystic Bla  Conj/Tloc      2%         2d3       86%         4
 Martyr's Knell           Necr/Summ      2%         N/A       86%         4
 Death Channel            Necr           1%         N/A       100%        6
 Starburst                Conj/Fire      1%         6d3       100%        6
 Maxwell's Capacitive Co  Air            1%         ∞         100%        8


Dungeon Overview and Level Annotations

Branches:
Dungeon (3/15)

Altars:
Dithmenos


Innate Abilities, Weirdness & Mutations

You are very small and have problems with some larger weapons.
You are too small for most types of armour.
You have supernaturally acute eyesight. (SInv)
You cover ground extremely quickly. (Speed+++)


Message History

The ufetubus closely misses you. x2; The ufetubus hits you.
* * * LOW HITPOINT WARNING * * *
The ufetubus misses you.
The ufetubus hits you but does no damage.
The ufetubus barely misses you. The ufetubus closely misses you.
a - a +1 dagger (weapon)
The ufetubus hits you.
* * * LOW HITPOINT WARNING * * *
The ufetubus misses you. The ufetubus barely misses you.
The ufetubus closely misses you.
You miss the ufetubus.
The ufetubus is heavily wounded.
The ufetubus closely misses you.
The ufetubus hits you but does no damage.
The ufetubus barely misses you. The ufetubus hits you.
* * * LOW HITPOINT WARNING * * *
The ufetubus barely misses you. The ufetubus closely misses you.
The ufetubus completely misses you. x2
You feel better.
You are no longer firmly anchored in space.
You are no longer robbed of momentum.
The ufetubus barely misses you. x2; The ufetubus misses you.
The ufetubus hits you.
* * * LOW HITPOINT WARNING * * *
The ufetubus barely misses you. The ufetubus completely misses you.
The ufetubus hits you.
* * * LOW HITPOINT WARNING * * *
The ufetubus barely misses you. x3
You hit the ufetubus.
The ufetubus is almost dead.
The ufetubus misses you. The ufetubus hits you.
* * * LOW HITPOINT WARNING * * *
The ufetubus misses you. The ufetubus closely misses you. x2
The ufetubus barely misses you. The ufetubus hits you.
* * * LOW HITPOINT WARNING * * *
The ufetubus closely misses you.
It was a potion of magic.
Magic courses through your body. The ufetubus barely misses you.
The ufetubus closely misses you. The ufetubus hits you.
You die...

...# #.#.##.##
#.##.......... ####
#....#.# ##############
### #......# ..#
##.....+ #.### #>..###
....#####...###
..#...........#
..............##########
..#......†....#5@5......
..#.#####...#.'.........
....# #...###.........
..### #...# ############
### .## #...# ##.#####..
.# #...# ......... .#
#####.## #.#%.##.# .#
#.....# #.#<.#...
######.##### #.†....†#


You could see 2 ufetubi.

Vanquished Creatures
  A bombardier beetle (D:3)
  5 adders
  4 dart slugs
  3 ribbon worms
  8 bats
  3 endoplasms
  6 goblins
  5 hobgoblins
  4 jackals (D:1)
  A quokka (D:2)
  6 ball pythons
  3 frilled lizards
  5 kobolds
  7 rats
61 creatures vanquished.

Notes
Turn   | Place    | Note
-------+----------+-------------------------------------------
     0 | D:1      | PriceMaster the Spriggan Enchanter began the quest for the
                  | Orb.
     0 | D:1      | Reached XP level 1. HP: 9/9 MP: 5/5
   100 | D:1      | Reached XP level 2. HP: 8/13 MP: 6/6
   328 | D:1      | Reached skill level 1 in Ranged Weapons
   381 | D:1      | Found a faded altar of an unknown god.
   602 | D:2      | Reached XP level 3. HP: 17/17 MP: 8/8
   613 | D:2      | Learned a level 3 spell: Tukima's Dance
  1177 | D:2      | Reached XP level 4. HP: 21/21 MP: 9/9
  1182 | D:2      | Learned a level 4 spell: Dimensional Bullseye
  2159 | D:3      | Found a shadowy altar of Dithmenos.
  2241 | D:3      | Became a worshipper of Dithmenos the Shadowed
  2294 | D:3      | Reached XP level 5. HP: 22/25 MP: 6/10
  2343 | D:3      | Slain by an ufetubus

Illustrated notes

Levels and vault maps discovered:
D:1:      spicycebolla_green_bress_n_ham, layout_basic,
          dreamdust_ecumenical_altar_hidden_monk_grotto, minmay_tetromino_s4
D:2:      layout_loops_ring
D:3:      layout_loops_cross, old_standard_altar, nrook_uturn

Skill      XL: |  1  2  3  4 |
---------------+-------------+-----
Hexes          | 4 |  4.1
Ranged Weapons | 1 2 4 |  4.0
Fighting       | |  0.9
Short Blades   | |  1.1
Dodging        | |  2.9
Stealth        | |  4.6
Spellcasting   | |  2.7

Action                     |  1- 3 |  4- 6 || total
---------------------------+-------+-------++-------
  Melee: Dagger            |    34 |     2 ||    36
         Spear             |     3 |       ||     3
   Fire: Arbalest          |    93 |    56 ||   149
   Cast: Tukima's Dance    |     5 |       ||     5
         Dimensional Bulls |       |     5 ||     5
    Use: Potion            |     4 |     2 ||     6
   Stab: Sleeping          |     3 |       ||     3
 Armour: Robe              |    46 |    26 ||    72
  Dodge: Dodged            |   135 |    74 ||   209
